AoeStats
← ITA | MarknighT

MegaRandom

503348565Analyzed
1v1 RM · 1mo ago on Aug 31, 2026· 68m 22s· 2 players
Game mode
Random Map
Map size
Tiny (2 player)
Population
200
Speed
Normal
Resources
Standard
Victory
Conquest
Starting age
Dark Age
Ending age
Imperial Age
RankedLock teamsTeams togetherTeam positionsShared explorationLock speedFull tech treeHidden civsTurbo modeCheats
Victory
Defeat
🇷🇴 Mongols · Romania
1852
+20
🇮🇹 Magyars · Italy
1952
-20
ITA | MarknighT
8:34 Loom
11:05 Feudal Age
13:29 Double-Bit Axe
13:42 Horse Collar
22:30 Castle Age
21:02 Gold Mining
22:14 Bloodlines
22:11 Scale Barding Armor
22:45 Light Cavalry
23:42 Bow Saw
24:09 Wheelbarrow
28:45 Husbandry
29:59 Fletching
30:11 Padded Archer Armor
31:00 Town Watch
31:39 Leather Archer Armor
31:23 Bodkin Arrow
34:09 Thumb Ring
37:44 Ballistics
42:24 Imperial Age
43:25 Bracer
43:50 Leather Archer Armor
45:42 Chemistry
46:04 Hand Cart
46:20 Ring Archer Armor
46:27 Conscription
47:10 Heavy Plow
48:00 Recurve Bow
48:50 Parthian Tactics
48:56 Heavy Cavalry Archer
51:34 Chain Barding Armor
55:27 Plate Barding Armor
54:21 Cavalier
54:23 Hussar
Andrew Jarbab
8:37 Feudal Age
9:12 Double-Bit Axe
15:29 Gold Mining
21:18 Castle Age
19:43 Horse Collar
20:58 Bloodlines
21:11 Loom
22:03 Gold Mining
24:14 Forging
25:22 Wheelbarrow
26:59 Scale Barding Armor
29:11 Heavy Plow
29:26 Bow Saw
30:29 Iron Casting
31:07 Husbandry
32:06 Town Watch
33:35 Hand Cart
33:55 Stone Mining
34:45 Fletching
36:10 Bodkin Arrow
39:33 Imperial Age
37:35 Padded Archer Armor
37:58 Ballistics
40:13 Bracer
41:15 Chemistry
40:54 Gold Shaft Mining
41:20 Parthian Tactics
41:03 Thumb Ring
41:26 Conscription
41:47 Leather Archer Armor
41:11 Light Cavalry
45:37 Elite Mangudai
47:04 Chain Barding Armor
47:10 Hussar
48:43 Siege Engineers
50:31 Blast Furnace
49:57 Town Patrol
58:02 Masonry
59:54 Murder Holes
61:21 Nomads
Connection lost

Rejoining the realm…

Still unreachable

The connection could not be restored.

Session expired

The server has moved on; the page needs a fresh start.